 Dungeon Crawl Stone Soup version 0.21-a0-440-g28109cb (webtiles) character file.

7793 Kilingo the Basher (level 11, -11/97 HPs)
             Began as a Minotaur Berserker on Nov 6, 2017.
             Was an Elder of Trog.
             Killed from afar by Maurice (17 damage)
             ... with a wand of lightning (?/15)
             ... on level 10 of the Dungeon on Nov 11, 2017.
             The game lasted 02:49:42 (9711 turns).

Kilingo the Basher (Minotaur Berserker)             Turns: 9711, Time: 02:49:43

Health: -11/97     AC: 13    Str: 27    XL:     11   Next: 1%
Magic:  11/11      EV: 13    Int:  4    God:    Trog [****..]
Gold:   500        SH:  4    Dex: 11    Spells: 10/10 levels left

rFire    + . .     SeeInvis .   G - +0 blowgun
rCold    x . .     Gourm    .   (no shield)
rNeg     . . .     Faith    .   g - +3 ring mail "Agryraof" {+Inv MR+ Str+3 Dex-3}
rPois    .         Spirit   .   (helmet restricted)
rElec    .         Reflect  +   n - +0 cloak
rCorr    .         Harm     .   k - +0 pair of gloves (curse)
MR       +++..                  V - +0 pair of boots
Stlth    ++........             q - +4 amulet of reflection
HPRegen  1.26/turn              J - ring of fire
MPRegen  0.12/turn              o - +3 ring of dexterity

@: berserk cooldown, very slightly contaminated, regenerating
A: retaliatory headbutt, horns 2
a: Berserk, Trog's Hand, Brothers in Arms, Burn Spellbooks, Renounce Religion,
Evoke Invisibility


You were on level 10 of the Dungeon.
You worshipped Trog.
Trog was greatly pleased with you.
You were not hungry.

You visited 1 branch of the dungeon, and saw 10 of its levels.

You collected 542 gold pieces.
You spent 42 gold pieces at shops.

Inventory:

Hand Weapons
 f - a +2 dire flail of holy wrath
 i - a +0 hunting sling
 F - a +3 scythe of flaming
 G - a +0 blowgun (weapon)
 N - a +2 flail
Missiles
 t - 68 sling bullets
 D - 3 curare-tipped needles
 H - 34 poisoned needles (quivered)
 M - 6 needles of confusion
 R - 3 tomahawks
 S - 4 tomahawks of returning
Armour
 g - the +3 ring mail "Agryraof" (worn) {+Inv MR+ Str+3 Dex-3}
   (You found it on level 8 of the Dungeon)

   It affects your strength (+3).
   It affects your dexterity (-3).
   It affects your resistance to hostile enchantments.
   It lets you turn invisible.
 k - a cursed +0 pair of gloves (worn)
 n - a +0 cloak (worn)
 B - a +0 chain mail
 O - a +1 leather armour of poison resistance
 Q - a +0 scale mail
 V - a +0 pair of boots (worn)
Jewellery
 m - an uncursed ring of teleportation
 o - a +3 ring of dexterity (right hand)
 q - a +4 amulet of reflection (around neck)
 w - an uncursed ring of resist corrosion
 J - a ring of fire (left hand)
 L - an uncursed ring of ice
 X - an uncursed ring of ice
Wands
 W - a wand of confusion (23/48)
 Y - a wand of lightning (0/15)
Scrolls
 b - 2 scrolls of enchant weapon
 l - 2 scrolls of remove curse
 p - 3 scrolls of immolation
 x - a scroll of enchant armour {unknown}
 A - 6 scrolls of teleportation
 C - a scroll of magic mapping {unknown}
 U - 2 scrolls of torment
Potions
 a - a potion of resistance
 d - a potion of flight {unknown}
 h - a potion of invisibility {unknown}
 j - a potion of agility
 s - a potion of lignification
 z - 4 potions of curing
 E - 2 potions of heal wounds
 K - a potion of cancellation {unknown}
 P - a potion of magic {unknown}
 T - a potion of might
Comestibles
 c - 3 bread rations
 r - 4 meat rations
 v - 9 chunks of flesh
 I - 13 royal jellies
 Z - a fruit


   Skills:
 + Level 9.5 Fighting
 + Level 11.8 Maces & Flails
 + Level 1.0 Polearms
 + Level 7.5(8.1) Slings
 + Level 3.9(5.9) Throwing
 + Level 6.2 Armour
 + Level 5.8 Dodging
 + Level 3.7 Stealth
 + Level 2.5 Evocations


You had 10 spell levels left.
You didn't know any spells.

Dungeon Overview and Level Annotations

Branches:
Dungeon (10/15)            Temple (0/1) D:6             Orc (0/2) D:9
   Lair: D:8-11

Altars:
Ashenzari
Cheibriados
Dithmenos
Gozag
Hepliaklqana
Kikubaaqudgha
Nemelex Xobeh
Okawaru
Qazlal
Ru
Trog
Uskayaw
Vehumet
Xom
Zin
The Shining One

Shops:
D:4 (   D:6 %

Annotations:
D:10 Maurice


Innate Abilities, Weirdness & Mutations

You reflexively headbutt those who attack you in melee.
You have a pair of horns on your head.


Message History

Okay, then.
You feel better.
Wield which item (- for none, * to show all)? (? for menu, Esc to quit)
G - a +0 blowgun (weapon)
You feel yourself speed up.
Your skin stops crawling.
You feel less resistant to hostile enchantments.
Okay, then.
Found a stone staircase leading down.
Maurice the Thief comes into view.
He is wielding a short sword.
Maurice shouts!
You hear a bellow!
Maurice zaps a wand.
The bolt of lightning hits you!
It is a wand of lightning (?/15).
Your skin crawls.
You feel resistant to hostile enchantments.
You feel somewhat more hungry.
Maurice zaps a wand.
The bolt of lightning hits you!
* * * LOW HITPOINT WARNING * * *
You fail to use your ability.
Maurice zaps a wand.
The bolt of lightning hits you!
You die...

.#...( ......... .....#
......@.# ....(##.
........# ..).##..
......>.# # ..#.5.§.
.#......#.# .......
........#.# .....#
#......#.# .#..### ##
#...# †(....#..###.
#@..#
<............###...####
.§###.#.
#.............. .## #..
#.[####...##### .# #.#
#.. #...# .# #.# #.#
#....# #####.###.#
#...... ###o......#
####.......
.........###...........


You could see Maurice.

Vanquished Creatures
  Snorg (D:10)
  2 two-headed ogres
  A gargoyle (D:10)
  A troll (D:10)
  Grinder (D:3)
  Sigmund (D:3)
  Menkaure (D:6)
  2 hungry ghosts (D:9)
  2 sky beasts
  2 orc warriors
  3 ice beasts
  A phantom (D:7)
  3 black bears
  3 ogres
  A necrophage (D:6)
  2 centaurs
  Blork the orc (D:6)
  A big kobold (D:7)
  3 bullfrogs
  A wyvern zombie (D:7)
  A water moccasin skeleton (D:9)
  3 scorpions
  9 killer bees
  A troll zombie (D:9)
  4 wights (D:10)
  6 crimson imps
  2 bullfrog zombies
  5 jellies
  2 centaur skeletons
  13 orc wizards
  2 bullfrog skeletons (D:6)
  4 orc priests
  4 hounds
  2 iguanas
  5 worker ants
  7 ogre zombies (D:9)
  A hound zombie (D:10)
  3 hound skeletons
  7 gnolls (D:7)
  7 adders
  A howler monkey skeleton (D:5)
  A shadow imp (D:8)
  6 oozes
  2 adder zombies
  4 adder skeletons
  5 worms
  3 dart slugs
  5 leopard geckos
  33 orcs
  6 bats
  12 giant cockroaches
  5 goblins
  7 hobgoblins
  2 jackals (D:4)
  13 kobolds
  3 quokkas
  3 ball pythons
  5 frilled lizards
  3 goblin skeletons (D:9)
  4 goblin zombies (D:9)
  A hobgoblin skeleton (D:9)
  4 hobgoblin zombies (D:9)
  An orc skeleton (D:9)
  12 orc zombies (D:9)
  11 rats
273 creatures vanquished.

Vanquished Creatures (others)
  An adder skeleton (D:4)
  A kobold (D:3)
2 creatures vanquished.

Grand Total: 275 creatures vanquished

Notes
Turn   | Place    | Note
-------+----------+-------------------------------------------
     0 | D:1      | Kilingo the Minotaur Berserker began the quest for the Orb.
     0 | D:1      | Reached XP level 1. HP: 19/19 MP: 0/0
   132 | D:1      | Reached skill level 4 in Maces & Flails
   132 | D:1      | Reached XP level 2. HP: 21/27 MP: 1/1
   199 | D:2      | Found an iron altar of Okawaru.
   326 | D:2      | Reached XP level 3. HP: 23/34 MP: 2/2
   371 | D:2      | Found a bloodstained altar of Trog.
   414 | D:3      | Noticed Grinder
   438 | D:2      | Reached ** piety under Trog
   591 | D:2      | Found a glowing silver altar of Zin.
   591 | D:2      | Noticed an angel
   861 | D:2      | Found a shadowy altar of Dithmenos.
   943 | D:2      | Found a shimmering altar of Xom.
  1498 | D:1      | Reached XP level 4. HP: 40/41 MP: 3/3
  1983 | D:3      | Killed Grinder
  1983 | D:3      | Reached skill level 5 in Fighting
  1983 | D:3      | Reached skill level 5 in Maces & Flails
  1983 | D:3      | Reached skill level 1 in Stealth
  1983 | D:3      | Reached XP level 5. HP: 35/48 MP: 4/4
  2475 | D:3      | Noticed Sigmund
  2487 | D:3      | Killed Sigmund
  2487 | D:3      | Reached skill level 6 in Maces & Flails
  2487 | D:3      | Reached XP level 6. HP: 26/56 MP: 5/5
  3114 | D:4      | Found Uhoo's Weapon Shop.
  3129 | D:4      | Bought 7 needles of confusion for 42 gold pieces
  3241 | D:4      | Found an ancient bone altar of Kikubaaqudgha.
  3249 | D:4      | Reached XP level 7. HP: 56/61 MP: 6/6
  3476 | D:4      | Found a stormy altar of Qazlal.
  3736 | D:4      | Found a burning altar of Makhleb.
  3738 | D:4      | Found an ancient bone altar of Kikubaaqudgha.
  3738 | D:4      | Found a sparkling altar of Nemelex Xobeh.
  3744 | D:4      | Found a radiant altar of Vehumet.
  3744 | D:4      | Found a shimmering altar of Xom.
  3744 | D:4      | Found a hazy altar of Hepliaklqana.
  3836 | D:5      | Entered Level 5 of the Dungeon
  3955 | D:5      | Reached skill level 7 in Maces & Flails
  4056 | D:5      | Reached skill level 1 in Throwing
  4119 | D:5      | Reached XP level 8. HP: 54/71 MP: 7/7
  4520 | D:6      | Found a staircase to the Ecumenical Temple.
  4795 | D:6      | Found a sacrificial altar of Ru.
  4805 | D:6      | Noticed Menkaure
  4846 | D:6      | Killed Menkaure
  4846 | D:6      | Reached skill level 8 in Maces & Flails
  4846 | D:6      | Reached skill level 5 in Slings
  4921 | D:6      | Found a snail-covered altar of Cheibriados.
  4922 | D:6      | Noticed Blork the orc
  4983 | D:6      | Found Foahyoma's Food Emporium.
  5144 | D:6      | Killed Blork the orc
  5582 | D:7      | Reached *** piety under Trog
  5647 | D:7      | Reached skill level 9 in Maces & Flails
  5748 | D:6      | Reached XP level 9. HP: 71/79 MP: 8/8
  6322 | D:7      | Received a gift from Trog
  6713 | D:8      | Reached skill level 1 in Evocations
  6830 | D:8      | Reached skill level 10 in Maces & Flails
  6934 | D:8      | Found a hide-covered altar of Uskayaw.
  7190 | D:8      | Noticed a lindwurm
  7192 | D:8      | Noticed a lindwurm
  7246 | D:8      | Got an encrusted ring mail
  7257 | D:8      | Identified the +3 ring mail "Agryraof" {+Inv MR+ Str+3 Dex-3} (You found it on level 8 of the Dungeon)
  7970 | D:8      | Found a radiant altar of Vehumet.
  7975 | D:8      | Found a glowing golden altar of the Shining One.
  7978 | D:8      | Found a shattered altar of Ashenzari.
  8078 | D:8      | Noticed a lindwurm
  8311 | D:9      | Found an opulent altar of Gozag.
  8345 | D:9      | Reached skill level 1 in Polearms
  8366 | D:9      | Reached XP level 10. HP: 45/90 MP: 9/9
  8374 | D:9      | Reached skill level 5 in Armour
  8374 | D:9      | Reached skill level 5 in Dodging
  8418 | D:9      | Reached **** piety under Trog
  8463 | D:9      | Found a staircase to the Orcish Mines.
  8577 | D:9      | Noticed a two-headed ogre
  8593 | D:9      | Upgraded the game from 0.21-a0-426-g98080a9 to 0.21-a0-440-g28109cb
  8663 | D:9      | Found a hazy altar of Hepliaklqana.
  9272 | D:9      | Killed a two-headed ogre
  9272 | D:9      | Reached skill level 11 in Maces & Flails
  9318 | D:10     | Entered Level 10 of the Dungeon
  9330 | D:10     | Received a gift from Trog
  9355 | D:10     | Noticed a gargoyle
  9373 | D:10     | Killed a gargoyle
  9572 | D:10     | Noticed a two-headed ogre
  9573 | D:10     | Noticed Snorg
  9590 | D:10     | Killed Snorg
  9677 | D:10     | Killed a two-headed ogre
  9677 | D:10     | Reached XP level 11. HP: 53/97 MP: 9/11
  9708 | D:10     | Noticed Maurice
  9709 | D:10     | HP: 3/97 [Maurice/wand of lightning (?/15) (29)]
  9711 | D:10     | Killed from afar by Maurice

Vault maps used:
D:1:      saegor_arrival_simple_f, minmay_pentomino_q2
D:2:      okawaru_ov_weapons_minmay, overflow_temple_1_default, zin_angel,
          lemuel_coloured_pillars_altar, lemuel_round_altar,
          kennysheep_generic_room_13
D:3:      minmay_misc_feat_more_columns, grunt_ministairs_2, uniq_sigmund,
          uniq_grinder
D:4:      kiku_gazebo_garden_becter, nicolae_qazlal_general_emergency,
          serial_shops, shop_fountains, doesnt_xom_only_xom
D:5:      first_bread
D:6:      nicolae_ru_great_annihilating_truth, kennysheep_slug_shrine,
          minmay_temple_entry_mist, serial_curves, eino_curves_01,
          eino_curves_02, serial_shops, shop, uniq_menkaure, uniq_blork_the_orc
D:8:      minitemple, minmay_lindwurm_lava
D:9:      lemuel_crystal_altar, nicolae_overflow_crystal_walls,
          zombieorc2_lemuel, hangedman_little_slice_of_home
D:10:     makhleb_altar_promises_db, uniq_maurice, uniq_snorg

Skill      XL: |  1  2  3  4  5  6  7  8  9 10 |
---------------+-------------------------------+-----
Maces & Flails | 4 5 6 7 9 10 11 | 11.8
Fighting       | 4 5 6 7 8 9 |  9.5
Slings         | 2 3 4 5 6 7 |  7.5
Stealth        | 1 2 3 |  3.7
Dodging        | 3 4 5 |  5.8
Throwing       | 1 2 3 |  3.9
Armour         | 3 4 6 |  6.2
Evocations     | 1 2 |  2.5
Polearms       | 1 |  1.0

Action                   |  1- 3 |  4- 6 |  7- 9 | 10-12 || total
-------------------------+-------+-------+-------+-------++-------
Melee: Mace              |    73 |    53 |       |       ||   126
       Headbutt          |    14 |    10 |    49 |    28 ||   101
       Flail             |       |     4 |   313 |   118 ||   435
       Scythe            |       |       |     1 |       ||     1
       Dire flail        |       |       |       |    25 ||    25
 Fire: Hunting sling     |    19 |    23 |    66 |    19 ||   127
       Blowgun           |       |     2 |    25 |    16 ||    43
Throw: Stone             |     2 |       |       |       ||     2
       Throwing net      |       |       |     1 |       ||     1
       Tomahawk          |       |       |       |    11 ||    11
Invok: Berserk           |     1 |     2 |     1 |     4 ||     8
       Trog's Hand       |       |     2 |    16 |     4 ||    22
       Burn Spellbooks   |       |     1 |     1 |       ||     2
 Abil: Evoke Invisibilit |       |       |       |     2 ||     2
Evoke: Wand              |       |       |    12 |     9 ||    21
  Use: Scroll            |     2 |     6 |     5 |     7 ||    20
       Potion            |     1 |     1 |     5 |     4 ||    11
 Stab: Sleeping          |     1 |     1 |     7 |       ||     9
       Paralysed         |       |       |     1 |       ||     1
       Invisible         |       |       |       |     3 ||     3
  Eat: Chunk             |     2 |     5 |     6 |     7 ||    20
       Fruit             |     1 |     2 |     1 |     1 ||     5
       Bread ration      |       |     1 |       |     1 ||     2
       Meat ration       |       |       |     2 |       ||     2
       Royal jelly       |       |       |     1 |       ||     1
Armor: Animal skin       |     7 |     3 |       |       ||    10
       Leather armour    |       |     5 |    53 |       ||    58
       Ring mail         |       |       |    32 |    45 ||    77
Dodge: Dodged            |    41 |    24 |   179 |    74 ||   318
Block: Other             |     3 |     8 |    53 |    18 ||    82
       Reflection        |       |     2 |     2 |       ||     4

Table legend:
 A = Spawn XP
 B = Non-spawn XP
 C = Spawn XP percentage of total XP
 D = Spawn monster count
 E = Non-spawn monster count
 F = Spawn count percentage of total count
 G = Total turns spent on level
                    A         B        C        D         E        F      G
               +---------+---------+-------+---------+---------+-------+---------
         Total |       0 |   11134 |   0.0 |       0 |     274 |   0.0 |  9711
               +---------+---------+-------+---------+---------+-------+---------
           D:1 |       0 |      38 |   0.0 |       0 |      23 |   0.0 |  1159
           D:2 |       0 |      64 |   0.0 |       0 |      22 |   0.0 |   817
           D:3 |       0 |     503 |   0.0 |       0 |      13 |   0.0 |   922
           D:4 |       0 |     229 |   0.0 |       0 |      24 |   0.0 |   938
           D:5 |       0 |     818 |   0.0 |       0 |      21 |   0.0 |   641
           D:6 |       0 |     916 |   0.0 |       0 |      21 |   0.0 |  1066
           D:7 |       0 |     943 |   0.0 |       0 |      35 |   0.0 |   863
           D:8 |       0 |    1208 |   0.0 |       0 |      28 |   0.0 |  1733
           D:9 |       0 |    2709 |   0.0 |       0 |      63 |   0.0 |  1240
          D:10 |       0 |    3706 |   0.0 |       0 |      24 |   0.0 |   332
               +---------+---------+-------+---------+---------+-------+---------
